 Dungeon Crawl Stone Soup version 0.30-b1-2-g02819fbbbe (webtiles) character file.

Game seed: 12739283252462962422

1759 raph the Summoner (level 8, -2/42 HPs)
             Began as a Deep Elf Summoner on Oct 24, 2023.
             Was a Follower of Sif Muna.
             Killed from afar by a steam dragon (24 damage)
             ... with a ball of steam
             ... on level 7 of the Dungeon.
             The game lasted 00:16:16 (7252 turns).

raph the Summoner (Deep Elf Summoner)               Turns: 7252, Time: 00:16:16

Health: -2/42      AC:  5    Str:  5    XL:     8   Next: 79%
Magic:  16/25      EV: 17    Int: 23    God:    Sif Muna [*.....]
Gold:   158        SH:  5    Dex: 15    Spells: 3/16 levels left

rFire   . . .        s - +1 dagger (pain)
rCold   . . .        i - +0 buckler
rNeg    . . .        a - +1 robe
rPois   .            C - +1 helmet of Jokh {+Blink}
rElec   .            (no cloak)
rCorr   .            (no gloves)
SInv    .            (no boots)
Will    .....        (no amulet)
Stlth   ++           e - +5 ring of evasion
HPRegen 0.27/turn    y - ring of magical power
MPRegen 0.19/turn

%: no passive effects
@: studying Long Blades
A: no striking features
a: Renounce Religion, Evoke Blink, Channel Magic


You were on level 7 of the Dungeon.
You worshipped Sif Muna.
Sif Muna was aware of your devotion.
You visited 2 branches of the dungeon, and saw 8 of its levels.
You also visited: Ossuary.

You collected 681 gold pieces.
You spent 523 gold pieces at shops.

Inventory:

Hand Weapons
 g - a +0 dagger
 s - a +1 dagger of pain (weapon)
Missiles
 p - 18 poisoned darts
Armour
 a - a +1 robe (worn)
 i - a +0 buckler (worn)
 C - the +1 helmet of Jokh (worn) {+Blink}
   (You bought it in a shop on level 5 of the Dungeon)

   +Blink:    It lets you blink.
Magical Staves
 A - a staff of death
Jewellery
 e - a +5 ring of evasion (left hand)
 o - a ring of positive energy
 y - a ring of magical power (right hand)
Wands
 l - a wand of polymorph (6)
 m - a wand of paralysis (31)
 w - a wand of acid (9)
 D - a wand of roots (12)
Scrolls
 c - 3 scrolls of magic mapping
 j - 4 scrolls of teleportation
 q - 4 scrolls of identify
 x - a scroll of fear
 B - 2 scrolls of poison
 E - a scroll of blinking
Potions
 b - a potion of magic
 d - a potion of attraction
 f - 3 potions of mutation
 h - a potion of haste
 k - 8 potions of curing
 n - 6 potions of brilliance
 r - 2 potions of flight
 t - a potion of invisibility
 u - 2 potions of heal wounds
 v - a potion of lignification
 z - a potion of might


   Skills:
 + Level 0.6 Fighting
 + Level 0.8 Short Blades
 + Level 2.7 Dodging
 - Level 2.7 Stealth
 + Level 4.5 Shields
 + Level 4.6 Spellcasting
 - Level 3.3 Hexes
 * Level 8.9 Summonings
 + Level 4.8 Air Magic
 + Level 0.0 Invocations
 + Level 0.0 Evocations


You had 3 spell levels left.
You knew the following spells:

 Your Spells              Type           Power      Damage    Failure   Level
a - Summon Small Mammal   Summ           100%       N/A       1%          1
b - Call Imp              Summ           92%        N/A       1%          2
c - Call Canine Familiar  Summ           46%        N/A       1%          3
d - Summon Guardian Gole  Hex/Summ       33%        N/A       4%          3
e - Summon Lightning Spi  Summ/Air       37%        N/A       10%         4

Your spell library contained the following spells:

 Spells                   Type           Power      Damage    Failure   Level
 Foxfire                  Conj/Fire      20%        2x1d5     17%         1
 Sandblast                Erth           10%        2d5       17%         1
 Passwall                 Tmut/Erth      4%         N/A       26%         2
 Inner Flame              Hex/Fire       12%        N/A       26%         3
 Ozocubu's Armour         Ice            5%         N/A       45%         3
 Stone Arrow              Conj/Erth      10%        3d7       45%         3
 Animate Armour           Summ/Erth      50%        N/A       26%         4
 Summon Mana Viper        Hex/Summ       33%        N/A       36%         5
 Monstrous Menagerie      Summ           23%        N/A       98%         7
 Ozocubu's Refrigeration  Ice            2%         4d8       100%        7


Dungeon Overview and Level Annotations

Branches:
Dungeon (7/15)             Temple (1/1) D:5         Ossuary (visited)

Altars:
Ashenzari
Cheibriados
Dithmenos
Elyvilon
Fedhas
Gozag
Hepliaklqana
Kikubaaqudgha
Makhleb
Nemelex Xobeh
Okawaru
Qazlal
Ru
Sif Muna
Trog
Vehumet
Wu Jian
Xom
Yredelemnul
Zin
The Shining One

Shops:
D:3 *   D:4 *   D:5 ![[*

Annotations:
D:3 2 transporters, suse60's ghost, amateur MiGl


Message History

Casting: Call Canine Familiar (safe; 1% risk of failure)
Confirm with . or Enter, or press ? or * to list all spells.
A guardian golem appears, shielding your allies.
The steam dragon hisses angrily.
Casting: Summon Guardian Golem (dangerous; 4% risk of failure)
Confirm with . or Enter, or press ? or * to list all spells.
Your wolf disappears in a puff of smoke!
Casting: Call Canine Familiar (safe; 1% risk of failure)
Confirm with . or Enter, or press ? or * to list all spells.
An electric hum fills the air.
Your cerulean imp misses the steam dragon.
You swap places.
Your cerulean imp hits the steam dragon but does no damage.
The steam dragon breathes steam at you.
The ball of steam hits your cerulean imp!
The ball of steam hits you!
The ball of steam hits your guardian golem.
Your guardian golem resists.
You are engulfed in a cloud of scalding steam.
Your hound bites the steam dragon but does no damage.
Your cerulean imp is engulfed in a cloud of scalding steam.
Your cerulean imp hits the steam dragon but does no damage.
The steam dragon bites your hound but does no damage.
The steam dragon claws your hound.
Your cerulean imp is engulfed in a cloud of scalding steam.
Your cerulean imp dies!
Your cerulean imp disappears in a puff of smoke!
Your hound barely misses the steam dragon.
Your hound barely misses the steam dragon.
The steam dragon breathes steam at you. The ball of steam misses you.
You are engulfed in a cloud of scalding steam.
Your hound bites the steam dragon.
You block the steam dragon's attack.
The steam dragon claws you but does no damage.
Your hound bites the steam dragon.
Your hound bites the steam dragon.
The steam dragon breathes steam at you. The ball of steam hits you!!
Ouch! That really hurt!
You die...

########## #........#
#.§§§....# ####
#§..§....# ...#
#.§§§@...#
##.#########..8Dh...#.
##.........#...9......#
........##.#..##..#####
.........#.#.###..#
..........5#.#...<..
..........5..........
......................
............##..#### #


You could see a steam dragon (catching breath, ally target), a friendly guardian
golem (summoned), a friendly lightning spire (summoned, sheltered) and a
friendly hound (summoned, sheltered).

Vanquished Creatures
  A water moccasin (D:7)
  A phantom (D:5)
  A bullfrog (D:7)
  2 howler monkeys
  A jelly (D:5)
  2 gnolls (D:5)
  2 adders
  2 dart slugs (D:1)
  An orc (D:4)
  2 endoplasms
  A giant cockroach (D:1)
  2 goblins
  2 hobgoblins
  3 jackals (D:1)
  3 quokkas
  4 ball pythons
  3 bats (D:1)
  3 kobolds
  2 rats (D:2)
38 creatures vanquished.

Vanquished Creatures (collateral kills)
  A steam dragon (D:7)
  2 water moccasins
  A black bear (D:6)
  2 ogres (D:6)
  A phantom (D:4)
  A scorpion (D:5)
  2 howler monkeys
  3 hounds
  2 jellies
  An orc priest (D:7)
  3 iguanas
  8 mummies (Ossuary)
  2 gnolls (D:5)
  4 adders
  2 shadow imps
  2 white imps
  2 worms
  15 orcs
  5 ball pythons
  8 endoplasms
  2 giant cockroaches (D:3)
  2 goblins (D:2)
  3 hobgoblins
  2 quokkas
  7 bats
  A frilled lizard (D:2)
  A gnoll zombie (Ossuary)
  3 hobgoblin zombies (Ossuary)
  5 kobolds
  2 kobold zombies (Ossuary)
  2 orc zombies (Ossuary)
  2 quokka zombies (D:6)
  5 rats
104 creatures vanquished.

Vanquished Creatures (others)
  A gnoll bouda (D:4)
  6 plants (D:3)
7 creatures vanquished.

Grand Total: 149 creatures vanquished

Notes
Turn   | Place    | Note
-------+----------+-------------------------------------------
     0 | D:1      | raph the Deep Elf Summoner began the quest for the Orb.
     0 | D:1      | Reached XP level 1. HP: 10/10 MP: 6/6
   335 | D:1      | Reached XP level 2. HP: 15/15 MP: 6/8
   369 | D:1      | Learned a level 2 spell: Call Imp
   387 | D:1      | Reached skill level 5 in Summonings
   888 | D:1      | Reached XP level 3. HP: 19/19 MP: 9/9
   892 | D:1      | Learned a level 3 spell: Call Canine Familiar
  2040 | D:3      | Reached skill level 6 in Summonings
  2040 | D:3      | Reached XP level 4. HP: 20/24 MP: 8/11
  2175 | D:3      | Found a transporter.
  2208 | D:3      | Learned a level 3 spell: Summon Guardian Golem
  2270 | D:3      | Found Cev Sod's Assorted Antiques.
  2278 | D:3      | Bought an ivory wand for 84 gold pieces
  2278 | D:3      | Bought a scroll of identify for 42 gold pieces
  2344 | D:3      | Found a transporter.
  2364 | D:3      | Identified the +3 spear "Enlea" {venom, rElec rPois Will-}
  2612 | D:3      | Noticed suse60's ghost (amateur MiGl)
  3071 | D:4      | Reached skill level 1 in Hexes
  3300 | D:4      | Reached XP level 5. HP: 28/28 MP: 5/13
  3788 | D:4      | Found Xuovycor's Assorted Antiques.
  3795 | D:4      | Bought a scroll labelled MOIVAE KYSIL for 23 gold pieces
  3795 | D:4      | Acquired the Compendium of Kindled Calling
  3797 | D:4      | Bought a scroll of identify for 46 gold pieces
  3797 | D:4      | Bought a scroll of identify for 46 gold pieces
  4100 | D:4      | Noticed a phantom
  4152 | D:4      | Killed a phantom
  4153 | D:4      | Reached XP level 6. HP: 17/33 MP: 6/14
  4319 | D:5      | Entered Level 5 of the Dungeon
  4342 | D:5      | Reached skill level 7 in Summonings
  4417 | D:5      | Learned a level 4 spell: Summon Lightning Spire
  4419 | D:5      | Found Faatus's Distillery.
  4448 | D:5      | Reached skill level 1 in Shields
  4557 | D:5      | Found a staircase to the Ecumenical Temple.
  4570 | Temple   | Entered the Ecumenical Temple
  4781 | Temple   | Became a worshipper of Sif Muna the Loreminder
  4830 | D:5      | Found Sila's Armour Shoppe.
  4940 | D:5      | Reached skill level 1 in Air Magic
  4940 | D:5      | Reached XP level 7. HP: 28/37 MP: 12/15
  5265 | D:5      | Found Doloutz's General Store.
  5369 | D:5      | Found Zadolod's Armour Shop.
  5631 | D:6      | Found a sand-covered staircase.
  5640 | Ossuary  | Entered an ossuary
  5681 | Ossuary  | Reached * piety under Sif Muna
  6320 | D:5      | Bought the +1 helmet of Jokh {+Blink} for 282 gold pieces
  6503 | D:6      | Reached XP level 8. HP: 30/42 MP: 16/16
  6533 | D:6      | Reached skill level 8 in Summonings
  7252 | D:7      | Killed from afar by a steam dragon

Illustrated notes

Levels and vault maps discovered:
D:1:      matt_arrival_spirals, layout_basic
D:2:      layout_basic
D:3:      layout_loops_ring, serial_shops, nicolae_shop_overgrown_old_shop,
          gammafunk_ghost_gnarly_gnolls
D:4:      layout_basic, serial_shops, shop, nzn_random_ring
D:5:      layout_cave_pools, minmay_temple_entry_large_hall, serial_shops,
          kennysheep_mini_moat, shop_statue, shop, nicolae_shop_real_fake_doors,
          nicolae_figureground_pulse
D:6:      layout_layer_cave, serial_glass, glass_columns_a, glass_columns_c,
          glass_columns_a, glass_columns_a, glass_columns_b, glass_columns_a,
          glass_columns_c, glass_columns_b, minmay_strange_pillars,
          enter_ossuary_4, kennysheep_nondescript, minivault_11,
          minmay_strange_pillars
D:7:      layout_rooms, serial_glass, glass_columns_b, glass_columns_a,
          hangedman_abyss_or_decor_passed
Temple:   mainiacjoe_temple_archimedes_tessellation

Skill      XL: |  1  2  3  4  5  6  7  8 |
---------------+-------------------------+-----
Summonings     | 5 6 7 8 |  8.9
Spellcasting   | 4 |  4.6
Hexes          | 1 2 3 |  3.3
Shields        | 2 3 4 |  4.5
Air Magic      | 1 3 4 |  4.8
Fighting       | |  0.6
Short Blades   | |  0.8
Dodging        | |  2.7
Stealth        | |  2.7

Action                     |  1- 3 |  4- 6 |  7- 9 || total
---------------------------+-------+-------+-------++-------
  Melee: Spear             |    23 |       |       ||    23
         Dagger            |    62 |    84 |    62 ||   208
   Cast: Summon Small Mamm |    22 |    19 |    19 ||    60
         Call Imp          |    10 |    15 |    10 ||    35
         Call Canine Famil |     7 |     9 |    13 ||    29
         Summon Guardian G |       |     8 |     8 ||    16
         Summon Lightning  |       |       |     5 ||     5
    Use: Scroll            |     6 |    10 |     7 ||    23
   Stab: Sleeping          |     3 |     4 |     2 ||     9
         Distracted        |     1 |       |     3 ||     4
 Armour: Robe              |    21 |    13 |    13 ||    47
  Dodge: Dodged            |    73 |    61 |    59 ||   193
  Block: Buckler           |       |     8 |    15 ||    23
